 Dungeon Crawl Stone Soup version 0.24.0-13-gcf9b319 (webtiles) character file.

Game seed: 2640090773869923636, levelgen mode: deterministic

128 Fang the Skirmisher (level 5, -1/33 HPs)
             Began as a Gargoyle Berserker on Nov 14, 2019.
             Was a Believer of Trog.
             Slain by a centaur zombie (3 damage)
             ... on level 5 of the Dungeon.
             The game lasted 00:04:17 (2547 turns).

Fang the Skirmisher (Gargoyle Berserker)            Turns: 2547, Time: 00:04:18

Health: -1/33      AC:  6    Str: 21    XL:     5   Next: 12%
Magic:  5/5        EV: 12    Int:  8    God:    Trog [**....]
Gold:   167        SH:  0    Dex:  9    Spells: 4/4 levels left

rFire    . . .     SeeInvis .   a - +0 hand axe
rCold    . . .     Gourm    .   (no shield)
rNeg     + . .     Faith    .   b - +0 animal skin
rPois    ∞         Spirit   .   (no helmet)
rElec    +         Reflect  .   (no cloak)
rCorr    .         Harm     .   (no gloves)
MR       .....                  (no boots)
Stlth    +.........             (no amulet)
HPRegen  0.11/turn              (no ring)
MPRegen  0.09/turn              (no ring)

@: no status effects
A: negative energy resistance 1, electricity resistance, unbreathing,
petrification resistance, rot immunity, AC +4
a: Berserk, Trog's Hand, Renounce Religion


You were on level 5 of the Dungeon.
You worshipped Trog.
Trog was pleased with you.
You were not hungry.

You visited 1 branch of the dungeon, and saw 4 of its levels.

You collected 167 gold pieces.

Inventory:

Hand Weapons
 a - a +0 hand axe (weapon)
Armour
 b - a +0 animal skin (worn)
Scrolls
 e - a scroll of noise {unknown}
 g - a scroll of fear {unknown}
 h - a scroll of magic mapping {unknown}
 i - 3 scrolls of identify {unknown}
Potions
 f - a potion of haste {unknown}
 j - a potion of degeneration {unknown}
 k - a potion of brilliance {unknown}
Comestibles
 c - 6 rations


   Skills:
 + Level 4.2 Fighting
 + Level 3.4 Axes
 + Level 3.3 Armour
 + Level 2.4 Dodging


You had 4 spell levels left.
You didn't know any spells.
Your spell library was empty.

Dungeon Overview and Level Annotations

Branches:
Dungeon (3/15)

Altars:
Dithmenos


Innate Abilities, Weirdness & Mutations

You are resistant to torment.
Your stone body is resilient. (AC +4)
You are immune to poison.
You resist negative energy. (rN+)
You are resistant to electric shocks. (rElec)
You can survive without breathing.
You are immune to petrification.
You are immune to rotting.


Message History

You are too injured to fight recklessly!
You are too injured to fight recklessly!
You are too injured to fight recklessly!
You are too injured to fight recklessly!
You are too injured to fight recklessly!
The centaur zombie hits you.
You hit the centaur zombie but do no damage.
The centaur zombie is heavily damaged.
The centaur zombie hits you.
* * * LOW HITPOINT WARNING * * *
The centaur zombie hits you but does no damage.
You barely miss the centaur zombie.
The centaur zombie is heavily damaged.
The centaur zombie hits you but does no damage.
You hit the centaur zombie.
The centaur zombie is severely damaged.
The centaur zombie hits you.
* * * LOW HITPOINT WARNING * * *
The centaur zombie hits you.
You die...

### ####### ..##
#.....# # ...# #.###.#
###### #..# #.# #.#
+....# #..#####.# #.#
#.##># #..#...#.#.#.#
#.##.# #..#...#@Z.#.#
#.##.####..#...#####.#
'.#........'...'.....#
############...#######
...........'...'.....#
############...#####.#
#...# ########...#
#..........#


You could see a centaur zombie.

Vanquished Creatures
  A worker ant (D:5)
  3 adders
  3 worms (D:2)
  3 dart slugs
  4 leopard geckos
  6 giant cockroaches
  4 goblins
  7 hobgoblins
  3 jackals (D:2)
  2 kobolds
  3 ball pythons
  8 bats
  4 frilled lizards
  10 rats
61 creatures vanquished.

Notes
Turn   | Place    | Note
-------+----------+-------------------------------------------
     0 | D:1      | Fang the Gargoyle Berserker began the quest for the Orb.
     0 | D:1      | Reached XP level 1. HP: 14/14 MP: 1/1
   127 | D:1      | Reached XP level 2. HP: 15/19 MP: 2/2
   380 | D:1      | Reached XP level 3. HP: 18/23 MP: 3/3
   417 | D:1      | Reached ** piety under Trog
  1135 | D:2      | Reached XP level 4. HP: 19/29 MP: 4/4
  1376 | D:2      | Reached skill level 4 in Fighting
  1832 | D:2      | Found a shadowy altar of Dithmenos.
  2341 | D:3      | You fall into a shaft and drop 2 floors!
  2341 | D:5      | Entered Level 5 of the Dungeon
  2387 | D:5      | Reached XP level 5. HP: 23/33 MP: 5/5
  2547 | D:5      | Slain by a centaur zombie

Levels and vault maps discovered:
D:1:      beargit_arrival_greenhouse, layout_loops_corners
D:2:      layout_basic, lemuel_round_altar, first_ration
D:3:      layout_rooms, lemuel_doored_altar, minmay_misc_feat_diagonals,
          uniq_crazy_yiuf_cottage
D:5:      layout_basic, minmay_temple_entry_antechambers,
          kb_lookout_dungeons_type, hex_medium, uniq_prince_ribbit1

Skill      XL: |  1  2  3  4 |
---------------+-------------+-----
Axes           | 3 |  3.4
Dodging        | 2 |  2.4
Armour         | 3 |  3.3
Fighting       | 4 |  4.2

Action                   |  1- 3 |  4- 6 || total
-------------------------+-------+-------++-------
Melee: Hand axe          |   120 |    99 ||   219
Invok: Berserk           |     1 |     2 ||     3
 Stab: Sleeping          |     2 |       ||     2
  Eat: Chunk             |     1 |     8 ||     9
Armor: Animal skin       |    35 |    29 ||    64
Dodge: Dodged            |    80 |    62 ||   142
